Map: [G8] Ancient Cistern

Players

Cure

  • Race: Terran Terran
  • Spawn Location: 1:00

Reynor - Winner!

  • Race: Zerg Zerg
  • Spawn Location: 7:00

Event: Gamers8 2023

VOD

Have the link to the VOD?

Description

Time

  • Played on: Aug. 6, 2023, 3:01 p.m.
  • Length: 21:25

All games in this series

Show
View Real Time Build Order
Export as new Build Order

Cure Terran 

Build Orders:  

Get SALT Encoding   

  12  0:00  SCV  
  13  0:12  SCV  
  14  0:17  Supply Depot  
  14  0:24  SCV  
  15  0:39  Barracks, SCV  
  16  0:43  Refinery  
  16  0:51  SCV  
  17  1:00  Barracks  
  17  1:04  SCV  
  18  1:16  SCV  
  19  1:26  Reaper  
  19  1:28  Orbital Command  
  20  1:34  Supply Depot  
  20  1:46  Reaper  
  22  1:54  SCV  
  22  2:02  Reaper  
  22  2:06  SCV  
  24  2:12  Command Center  
  24  2:18  Marine, SCV  
  26  2:26  Supply Depot  
  26  2:30  SCV  
  27  2:40  Marine  
  27  2:41  Barracks Reactor  
  27  2:42  SCV  
  29  2:46  Barracks  
  29  2:49  Barracks  
  29  2:54  SCV  
  30  3:03  Barracks Tech Lab  
  30  3:06  SCV  
  31  3:19  SCV  
  32  3:23  Orbital Command  
  32  3:28  Command Center  
  32  3:31  SCV  
  33  3:40  Stimpack  
  33  3:43  SCV  
  33  3:44  Factory  
  33  3:47  Refinery  
  34  3:49  SCV  
  34  3:51  Refinery  
  34  3:55  SCV  
  36  4:01  SCV  
  36  4:02  Refinery  
  37  4:03  Marine x3  
  37  4:06  Barracks Reactor  
  37  4:07  SCV  
  41  4:10  Marine  
  41  4:13  SCV  
  43  4:19  SCV, Supply Depot  
  44  4:25  SCV  
  44  4:30  Starport  
  45  4:31  Factory Reactor, SCV  
  45  4:34  Marine x2  
  45  4:37  Barracks Reactor, Marine, SCV  
  50  4:41  Orbital Command  
  50  4:44  SCV  
  51  4:49  SCV  
  52  4:54  Engineering Bay  
  52  4:56  SCV, Engineering Bay  
  53  5:01  SCV, Orbital Command  
  54  5:10  SCV  
  55  5:14  Medivac x2, Factory Tech Lab  
  55  5:16  SCV  
  55  5:19  Combat Shield, Supply Depot  
  60  5:23  Terran Infantry Armor Level 1, Terran Infantry Weapons Level 1  
  60  5:25  SCV  
  60  5:27  Marine x2, SCV  
  64  5:29  Marine  
  64  5:30  Marine  
  64  5:31  Marine  
  64  5:33  SCV  
  68  5:37  SCV  
  68  5:38  Orbital Command  
  68  5:39  Barracks  
  68  5:42  Siege Tank  
  71  5:47  Marine x4  
  71  5:49  Medivac  
  77  5:56  Marine x3, Supply Depot  
  80  5:58  SCV  
  80  5:59  SCV  
  82  6:04  Marine  
  82  6:09  SCV  
  82  6:10  SCV  
  85  6:12  SCV  
  84  6:18  Supply Depot  
  84  6:20  Supply Depot  
  84  6:21  Marine, Supply Depot  
  85  6:33  Supply Depot  
  85  6:39  Barracks Reactor  
  85  6:40  Marine x5, SCV x3  
  85  6:42  Medivac, Siege Tank, Armory  
  98  6:50  Medivac  
  98  6:52  SCV x3  
  103  6:55  Supply Depot x2  
  103  6:56  Marine x2  
  103  6:58  Marine x2  
  107  7:05  SCV x3  
  110  7:09  Command Center  
  110  7:12  Marine x3  
  110  7:14  Marine x2  
  114  7:15  Marine  
  114  7:19  Widow Mine  
  117  7:23  Refinery, Supply Depot  
  117  7:24  Factory, SCV x2  
  117  7:26  SCV  
  120  7:31  Terran Infantry Weapons Level 2  
  120  7:33  Terran Infantry Armor Level 2  
  120  7:35  Drilling Claws  
  120  7:39  SCV x2  
  120  7:40  SCV  
  120  7:41  Supply Depot  
  123  7:45  Widow Mine  
  123  7:51  SCV x2  
  126  7:52  SCV  
  126  7:56  Marine x6  
  126  7:57  Marine  
  135  7:58  Missile Turret  
  135  8:00  Medivac  
  135  8:03  Medivac  
  139  8:06  Widow Mine  
  139  8:12  SCV x2, Supply Depot  
  143  8:13  Factory Reactor, SCV, Supply Depot  
  144  8:28  Marine x6  
  144  8:29  Marine x2  
  142  8:36  Marine  
  137  8:46  Marine x3  
  137  8:47  Widow Mine  
  142  8:50  SCV x2  
  142  8:51  SCV  
  142  8:54  Widow Mine x2  
  148  8:58  Marine x2  
  148  8:59  Marauder, Marine x2  
  148  9:01  Barracks x2, Concussive Shells  
  154  9:03  Barracks  
  154  9:09  Widow Mine  
  156  9:15  Widow Mine  
  156  9:16  Widow Mine  
  159  9:20  SCV x3  
  162  9:25  Marauder, Marine x6  
  162  9:29  Sensor Tower  
  170  9:33  Widow Mine  
  170  9:35  Medivac  
  172  9:39  Planetary Fortress  
  172  9:42  Sensor Tower  
  172  9:44  Medivac  
  172  9:48  Terran Vehicle And Ship Armor Level 1  
  172  9:53  Widow Mine  
  172  9:59  Marauder, Barracks Tech Lab x3  
  156  10:03  Marine x6  
  156  10:04  Widow Mine x2  
  156  10:06  Terran Infantry Weapons Level 3  
  156  10:07  Command Center  
  166  10:10  Supply Depot x2  
  165  10:14  Widow Mine  
  165  10:15  Supply Depot  
  165  10:16  Supply Depot  
  165  10:17  Refinery x2  
  146  10:24  Marauder x3, Marine x6  
  146  10:27  Widow Mine x2  
  161  10:31  Marauder  
  165  10:35  Widow Mine  
  165  10:45  Marauder  
  165  10:46  Marauder, Marine x6  
  165  10:47  Marauder  
  165  10:48  Widow Mine x2  
  179  10:52  Marauder  
  160  10:57  Widow Mine  
  160  11:00  SCV  
  160  11:01  SCV x3  
  164  11:09  Marauder x3, Marine x6, Widow Mine  
  164  11:10  Widow Mine  
  180  11:13  SCV  
  180  11:18  Widow Mine  
  180  11:19  Marine x2  
  180  11:20  Marauder  
  184  11:27  Marine x5  
  184  11:30  Marauder x2, Ghost Academy  
  184  11:31  Marauder, Widow Mine x2, Refinery  
  199  11:37  Terran Infantry Armor Level 3  
  184  12:01  Marauder x3, Marine x4, Planetary Fortress  
  173  12:04  Widow Mine x3  
  173  12:06  Marauder, Marine x4  
  185  12:15  Personal Cloaking  
  185  12:19  Command Center x2  
  187  12:23  Marauder  
  187  12:26  Ghost  
  187  12:27  Command Center, Ghost  
  191  12:30  Marine x4  
  191  12:35  Missile Turret  
  195  12:42  Ghost  
  195  12:43  Marine x2, Ghost  
  191  12:58  Ghost x2  
  193  13:05  Command Center  
  195  13:11  Ghost  
  193  13:18  Marine x4, Ghost  
  199  13:28  Terran Vehicle And Ship Armor Level 2, Neosteel Armor  
  199  13:39  Marine x3, Widow Mine x3  
  177  13:49  Medivac x2  
  177  13:52  Marauder, Marine x4  
  177  13:53  Marauder  
  189  13:56  Orbital Command  
  189  13:57  Nuke, Orbital Command  
  189  14:00  Widow Mine x2  
  189  14:01  Widow Mine, Refinery  
  195  14:03  Orbital Command  
  191  14:14  Hi-Sec Auto Tracking  
  189  14:19  Medivac x2  
  189  14:22  Widow Mine x3  
  189  14:23  Marauder x2, Marine x7  
  162  14:38  Ghost x2  
  151  14:43  Widow Mine x3  
  151  14:44  Marine x4  
  151  14:45  Marauder x2, Marine  
  160  14:49  Medivac x2  
  163  15:05  Ghost  
  163  15:06  Ghost  
  167  15:11  Ghost  
  167  15:12  Marine x2, Ghost  
  173  15:18  Widow Mine x2  
  177  15:22  SCV x2  
  177  15:34  Marine x2, Ghost  
  177  15:35  Marauder, Marine x2  
  185  15:38  Marine x3  
  185  15:41  Marauder x2  
  191  15:42  Orbital Command  
  163  16:01  Marauder, Marine x6  
  163  16:02  Marauder x2  
  163  16:03  Marine x2  
  151  16:04  Marauder  
  151  16:11  SCV x4  
  153  16:14  Widow Mine x2  
  153  16:18  Marine x2  
  153  16:23  Marauder  
  152  16:30  Medivac x2  
  150  16:35  Marine x6  
  150  16:36  Marauder x3  
  161  16:43  Planetary Fortress  
  161  16:46  Widow Mine x3  
  167  16:54  SCV x2  
  167  16:55  SCV x2  
  167  16:57  Sensor Tower  
  169  17:07  Widow Mine x3  
  172  17:18  Marine x2  
  172  17:19  Marauder x2, Marine  
  165  17:28  Medivac x2, Widow Mine  
  165  17:29  Widow Mine x2  
  168  17:38  SCV x3  
  168  17:39  SCV  
  170  17:50  Widow Mine x3  
  176  17:54  SCV x2  
  176  17:55  SCV x2  
  176  17:57  SCV  
  175  17:58  Medivac x2  
  177  18:06  Marine x2, Ghost x2  
  181  18:16  Marine x2  
  181  18:17  Marauder, Marine x2  
  185  18:20  SCV x2  
  186  18:31  Missile Turret  
  173  18:43  Marine x2  
  173  18:44  Marauder x2, Marine x2, Orbital Command  
  181  18:56  Missile Turret  
  181  18:59  Marine x4, Ghost x2  
  181  19:02  Sensor Tower  
  187  19:05  Marauder x2  
  191  19:14  Marine x4  
  187  19:22  Widow Mine x2  
  187  19:23  Widow Mine  
  189  19:26  Supply Depot  
  189  19:27  Marauder x2  
  193  19:48  Medivac x2  
  193  19:49  Command Center  
  197  19:56  Missile Turret  
  169  20:11  Marine x4  
  169  20:12  Marauder x2  
  137  20:15  Widow Mine x3  
  137  20:18  Medivac x2, Marauder x2, Marine x4  
  122  20:27  Orbital Command  
  122  20:32  Marine x3  
  122  20:33  Marauder, Ghost  
  127  20:48  Ghost x2  
  129  20:56  Ghost  
Show
View Real Time Build Order
Export as new Build Order

Reynor Zerg - Winner!

Build Orders: Hatch First 

Get SALT Encoding   

  12  0:00  Drone  
  13  0:11  Overlord  
  13  0:16  Drone  
  14  0:29  Drone  
  14  0:30  Drone  
  16  0:47  Hatchery  
  15  0:50  Drone  
  15  0:54  Drone  
  17  0:58  Drone  
  18  1:07  Extractor  
  17  1:12  Spawning Pool  
  17  1:15  Drone  
  17  1:18  Drone  
  18  1:27  Drone  
  19  1:38  Drone  
  20  1:48  Drone  
  21  1:59  Queen x2  
  21  2:00  Zergling x4  
  27  2:12  Hatchery  
  26  2:18  Metabolic Boost  
  26  2:24  Overlord  
  26  2:27  Drone  
  27  2:30  Drone  
  28  2:42  Queen  
  28  2:43  Drone x2  
  32  2:48  Overlord  
  32  2:50  Drone  
  33  2:53  Zergling x2  
  33  2:55  Drone  
  35  2:58  Drone  
  35  3:04  Overlord  
  35  3:06  Drone  
  36  3:17  Overlord  
  36  3:21  Queen  
  36  3:22  Drone x3  
  36  3:24  Drone  
  36  3:26  Drone  
  43  3:28  Drone  
  43  3:33  Queen  
  46  3:36  Zergling x2  
  46  3:37  Drone  
  46  3:38  Drone  
  46  3:41  Drone  
  49  3:42  Drone  
  49  3:43  Drone  
  51  3:48  Overlord  
  51  3:49  Drone  
  51  3:50  Drone  
  51  3:53  Drone  
  51  3:54  Drone  
  55  3:55  Drone  
  56  4:03  Drone  
  56  4:06  Queen  
  56  4:07  Drone x3  
  62  4:12  Drone x2  
  64  4:19  Overlord  
  64  4:22  Zergling x2, Overlord  
  65  4:29  Overlord  
  65  4:35  Overlord  
  65  4:36  Queen x2  
  69  4:41  Zergling x12  
  69  4:44  Queen  
  77  4:45  Zergling x8  
  77  4:48  Zergling x4  
  83  4:56  Zergling x8  
  87  5:02  Zergling x4  
  88  5:08  Hatchery  
  88  5:09  Zergling x4  
  88  5:12  Overlord  
  89  5:14  Drone  
  89  5:17  Evolution Chamber  
  89  5:18  Zergling x4  
  89  5:19  Queen, Zergling x2  
  89  5:21  Overlord  
  94  5:22  Zergling x2  
  94  5:26  Drone x3  
  94  5:27  Extractor  
  97  5:29  Drone  
  97  5:30  Drone  
  97  5:31  Evolution Chamber  
  97  5:35  Drone  
  98  5:41  Overlord  
  98  5:44  Drone x2  
  98  5:45  Drone x3  
  98  5:46  Zerg Ground Armor Level 1  
  98  5:49  Extractor  
  102  5:51  Drone  
  102  5:53  Spore Crawler  
  102  5:54  Drone x3  
  102  5:55  Spore Crawler, Drone  
  105  5:57  Spore Crawler  
  105  5:58  Zerg Melee Weapons Level 1, Drone x3  
  105  6:03  Overlord  
  107  6:04  Drone  
  107  6:05  Lair  
  107  6:09  Drone  
  107  6:10  Overlord  
  108  6:15  Drone  
  108  6:18  Drone x2  
  110  6:19  Baneling Nest  
  110  6:21  Queen  
  110  6:24  Drone  
  111  6:26  Drone  
  111  6:27  Extractor, Drone  
  111  6:28  Extractor  
  111  6:29  Zergling x14  
  118  6:34  Zergling x6  
  118  6:37  Zergling x2  
  122  6:40  Drone  
  122  6:42  Drone  
  124  6:48  Zergling x4  
  124  6:51  Drone x2  
  124  6:52  Zergling x4, Drone  
  124  6:53  Overlord  
  131  6:54  Zergling x8  
  131  6:55  Zergling x4  
  131  6:57  Zergling x6  
  140  7:02  Overlord  
  140  7:03  Centrifugal Hooks  
  140  7:06  Zergling x4  
  142  7:10  Drone  
  142  7:14  Drone x2  
  145  7:16  Infestation Pit  
  145  7:17  Zergling x2  
  145  7:20  Drone x4  
  145  7:22  Overlord  
  149  7:24  Zergling x2  
  149  7:25  Zergling x6  
  153  7:31  Zergling x8  
  153  7:35  Baneling x15  
  153  7:36  Baneling x4, Drone x2  
  159  7:37  Overlord  
  159  7:40  Spore Crawler  
  159  7:41  Overlord  
  159  7:42  Zergling x6  
  161  7:45  Zergling x2  
  162  7:54  Overlord  
  162  7:58  Zerg Ground Armor Level 2  
  162  7:59  Zerg Melee Weapons Level 2  
  162  8:00  Zergling x16  
  162  8:01  Zergling x4  
  162  8:02  Drone x2  
  174  8:06  Zergling x6  
  174  8:12  Overlord  
  177  8:15  Hive  
  177  8:16  Zergling x6  
  177  8:19  Drone x2  
  182  8:21  Drone x2  
  182  8:22  Overlord  
  181  8:33  Zergling x18  
  172  8:35  Drone  
  172  8:38  Extractor  
  172  8:40  Hydralisk Den, Drone  
  164  8:50  Drone x4  
  164  8:54  Overseer  
  158  8:56  Zergling x8  
  158  8:57  Zergling x10  
  167  9:03  Baneling x12  
  167  9:09  Hatchery  
  165  9:11  Overseer  
  165  9:15  Drone x3  
  168  9:17  Drone  
  169  9:30  Hatchery  
  167  9:33  Viper x3  
  167  9:36  Zergling x24  
  188  9:43  Overlord  
  180  9:45  Zergling x8  
  180  9:51  Muscular Augments  
  170  9:53  Zergling x18  
  170  9:55  Baneling x10  
  170  9:58  Extractor  
  173  10:05  Hydralisk x4  
  181  10:09  Extractor, Hydralisk  
  181  10:13  Hydralisk x3  
  188  10:15  Hydralisk  
  188  10:16  Zergling x10  
  188  10:19  Hydralisk  
  188  10:20  Zergling x4  
  187  10:24  Hydralisk  
  187  10:25  Zergling x2, Hydralisk  
  188  10:30  Drone x2  
  188  10:31  Drone  
  188  10:33  Baneling x7  
  188  10:35  Zergling x4  
  193  10:41  Zergling x6  
  188  10:50  Zergling x12  
  188  10:52  Hydralisk  
  188  10:53  Hydralisk  
  188  10:55  Zergling x2, Hydralisk  
  188  10:56  Zergling x2  
  188  10:57  Zergling x4  
  182  11:00  Zerg Ground Armor Level 3  
  182  11:04  Drone x5  
  185  11:11  Zergling x10  
  185  11:17  Zergling x6  
  189  11:19  Pneumatized Carapace  
  189  11:27  Baneling x18  
  189  11:28  Zergling x12  
  189  11:32  Drone x2  
  197  11:38  Zergling x4  
  197  11:39  Adrenal Glands  
  199  11:44  Burrow  
  199  11:45  Hatchery  
  196  11:54  Zergling x32  
  186  11:57  Hydralisk  
  186  11:58  Zergling x6  
  191  12:03  Zergling x2  
  191  12:04  Zergling x10  
  197  12:08  Zergling x2  
  197  12:09  Zergling x2  
  199  12:17  Baneling x18  
  199  12:24  Baneling x13  
  199  12:25  Hatchery, Lurker Den  
  199  12:29  Extractor, Drone x2  
  198  12:30  Extractor  
  198  12:31  Spine Crawler  
  198  12:33  Spine Crawler  
  198  12:34  Spine Crawler  
  198  12:37  Overlord  
  192  12:38  Zergling x16  
  192  12:46  Zergling x20  
  192  12:47  Zergling x10  
  199  12:53  Zergling x2  
  199  12:55  Overlord  
  199  12:57  Zerg Melee Weapons Level 3  
  201  13:05  Baneling x10  
  200  13:12  Zergling x24  
  200  13:24  Seismic Spines  
  199  13:30  Hatchery  
  197  13:41  Zergling x26  
  191  13:47  Zergling x10  
  198  13:57  Lurker  
  199  14:04  Baneling x19  
  199  14:08  Zergling x18  
  199  14:09  Baneling  
  200  14:10  Baneling x6  
  200  14:14  Hatchery  
  196  14:19  Zergling x14  
  196  14:20  Zergling x10  
  195  14:24  Zerg Missile Weapons Level 1  
  195  14:26  Zergling x10  
  198  14:34  Zergling x6  
  193  14:44  Zergling x2, Hydralisk  
  193  14:45  Zergling x20  
  195  14:46  Zergling x2  
  195  14:51  Zergling x12  
  199  14:59  Zergling x12  
  199  15:07  Overseer  
  199  15:11  Baneling x3  
  199  15:12  Baneling x6  
  199  15:25  Hatchery  
  194  15:30  Zergling x12  
  199  15:41  Zergling x2  
  198  15:47  Zergling x2  
  198  15:48  Zergling x14  
  188  15:58  Zergling x20  
  188  15:59  Zergling x20  
  188  16:03  Zergling x2  
  187  16:08  Hydralisk  
  187  16:10  Hydralisk  
  187  16:11  Zergling x6  
  189  16:15  Hydralisk  
  189  16:16  Hydralisk  
  189  16:17  Zergling x4  
  192  16:18  Zergling x4  
  192  16:19  Zergling x2  
  192  16:21  Hydralisk  
  192  16:22  Zergling x10  
  190  16:26  Zergling x2  
  190  16:29  Zergling x2  
  183  16:33  Zergling x4, Hydralisk  
  183  16:36  Adaptive Talons  
  183  16:37  Zergling x2  
  186  16:42  Zergling x12  
  186  16:43  Baneling x16  
  186  16:47  Zergling x16, Baneling  
  197  16:48  Baneling x10  
  198  16:55  Zerg Missile Weapons Level 2  
  198  17:01  Hatchery x2  
  197  17:04  Zergling x10  
  197  17:11  Zergling x14  
  196  17:15  Zergling x10  
  196  17:21  Zergling x18  
  196  17:22  Zergling x4  
  199  17:26  Overseer x3  
  192  17:38  Zergling x2  
  192  17:39  Zergling x26  
  192  17:42  Overseer  
  192  17:43  Overseer  
  194  17:46  Lurker x3  
  194  17:47  Lurker x3  
  200  17:52  Baneling x6  
  200  17:53  Baneling x10  
  200  17:57  Baneling  
  200  17:58  Baneling x9  
  198  18:02  Zergling x2  
  199  18:06  Spore Crawler  
  197  18:16  Zergling x8  
  197  18:18  Baneling x10  
  197  18:19  Baneling x4  
  191  18:38  Zergling x52  
  191  18:48  Hydralisk  
  186  18:49  Zergling x6  
  190  18:56  Zergling x8  
  193  19:06  Lurker  
  193  19:07  Lurker x5  
  199  19:14  Zergling x24  
  199  19:16  Hydralisk  
  199  19:17  Zergling x4  
  193  19:24  Zergling x10  
  193  19:27  Hatchery, Drone x2  
  199  19:37  Zergling x26  
  196  19:39  Hydralisk  
  196  19:40  Zergling x2  
  196  19:41  Baneling x18  
  197  19:47  Lurker x2  
  199  19:53  Hatchery  
  191  20:10  Zergling x24, Hydralisk  
  191  20:11  Zergling x12  
  191  20:12  Hydralisk  
  191  20:13  Zergling x2  
  191  20:14  Zergling x6, Hydralisk  
  189  20:15  Hydralisk x2  
  189  20:16  Zergling x2  
  189  20:19  Hydralisk  
  183  20:21  Hydralisk  
  183  20:22  Zergling x4  
  183  20:24  Zergling x2  
  187  20:36  Zergling x12  
  193  20:46  Overseer  
  193  20:47  Zergling x22  
  200  20:53  Baneling x16  
  200  20:54  Baneling  
  197  20:59  Lurker  
  197  21:02  Zergling x4  
  200  21:07  Overseer  
Tags
 
Add a new tag
Caveats
  • Supply blocks, unpowered buildings, or Contaminate may cause inaccurate times.
  • Supply counts are checked every 10 seconds.